AoeStats
← ariannalovesyeww

Hill Fort

504106086Analyzed
3v3 RM · 29d ago on Sep 3, 2026· 69m 8s· 6 players
Game mode
Random Map
Map size
Normal (6 player)
Population
200
Speed
Normal
Resources
Standard
Victory
Conquest
Starting age
Dark Age
Ending age
Imperial Age
RankedLock teamsTeams togetherTeam positionsShared explorationLock speedFull tech treeHidden civsTurbo modeCheats
Victory
Defeat
🇹🇷 Franks · Türkiye
710
+17
🇦🇷 Cumans · Argentina
704
+18
🇧🇴 Teutons · Bolivia
661
+20
🇺🇸 Romans · United States
748
-19
🇺🇸 Mongols · United States
746
-19
🇺🇸 Bulgarians · United States
723
-17
Legolas
11:18 Feudal Age
19:55 Castle Age
20:22 Castle Age
18:17 Gold Mining
19:44 Stone Mining
20:36 Forging
20:32 Scale Barding Armor
21:01 Padded Archer Armor
20:52 Fletching
23:05 Husbandry
23:44 Iron Casting
26:07 Chain Barding Armor
30:32 Wheelbarrow
29:54 Loom
34:19 Hand Cart
36:20 Double-Bit Axe
37:14 Gold Shaft Mining
39:22 Imperial Age
39:26 Town Watch
39:25 Cavalier
41:23 Blast Furnace
41:44 Town Patrol
42:35 Plate Barding Armor
43:49 Conscription
43:25 Paladin
50:16 Chivalry
51:56 Caravan
52:31 Coinage
53:37 Bow Saw
56:02 Banking
57:50 Conscription
davidbanegasr
10:16 Feudal Age
11:38 Wheelbarrow
10:51 Double-Bit Axe
10:49 Horse Collar
21:45 Castle Age
20:02 Stone Mining
20:22 Gold Mining
23:13 Hand Cart
23:28 Bow Saw
23:20 Heavy Plow
38:43 Imperial Age
41:55 Chemistry
42:23 Pikeman
44:18 Two-Man Saw
43:02 Halberdier
44:41 Forging
44:31 Scale Mail Armor
44:09 Onager
45:54 Heavy Scorpion
47:52 Iron Casting
47:33 Chain Mail Armor
50:37 Blast Furnace
50:08 Plate Mail Armor
61:08 Elite Teutonic Knight
Hachita Ludueña
8:18 Loom
11:16 Feudal Age
17:46 Wheelbarrow
18:13 Double-Bit Axe
20:02 Horse Collar
22:20 Forging
22:41 Bloodlines
25:49 Castle Age
24:44 Scale Barding Armor
30:06 Bow Saw
32:51 Heavy Plow
37:02 Imperial Age
35:16 Iron Casting
34:47 Scale Barding Armor
39:04 Blast Furnace
38:25 Chain Barding Armor
39:14 Fletching
39:11 Cavalier
41:58 Bodkin Arrow
42:42 Plate Barding Armor
43:59 Elite Kipchak
46:18 Ballistics
46:58 Chemistry
50:15 Capped Ram
53:06 Siege Ram
56:44 Hand Cart
58:29 Two-Man Saw
57:43 Scale Mail Armor
57:27 Pikeman
58:10 Squires
ariannalovesyeww
1:57 Loom
12:08 Feudal Age
13:31 Wheelbarrow
15:09 Double-Bit Axe
22:59 Castle Age
21:58 Town Watch
22:27 Scale Barding Armor
22:18 Gold Mining
22:23 Stone Mining
25:40 Light Cavalry
26:43 Bow Saw
28:26 Chain Barding Armor
31:04 Hand Cart
36:26 Imperial Age
33:57 Murder Holes
34:06 Padded Archer Armor
38:23 Bloodlines
38:14 Husbandry
40:22 Stone Shaft Mining
40:03 Scale Mail Armor
40:30 Ballistics
44:09 Elite Steppe Lancer
54:04 Chemistry
53:20 Forging
53:15 Caravan
55:28 Fortified Wall
55:39 Nomads
55:27 Pikeman
56:08 Squires
62:03 Horse Collar
Blogness
1:54 Loom
10:43 Feudal Age
11:25 Double-Bit Axe
11:28 Horse Collar
16:19 Forging
16:40 Scale Mail Armor
17:13 Arson
20:40 Gold Mining
24:46 Castle Age
23:19 Stone Mining
23:41 Bloodlines
26:41 Gambesons
26:56 Squires
27:01 Husbandry
27:53 Gambesons
28:44 Pikeman
30:43 Gold Shaft Mining
31:00 Heavy Plow
31:12 Bow Saw
31:40 Stone Shaft Mining
31:30 Scale Barding Armor
32:34 Chain Barding Armor
42:51 Imperial Age
41:25 Stirrups
42:19 Wheelbarrow
41:29 Town Watch
43:18 Capped Ram
43:23 Elite Konnik
47:58 Crop Rotation
49:44 Halberdier
53:46 Siege Ram
60:45 Caravan
63:31 Iron Casting
63:32 Plate Barding Armor
63:13 Chain Mail Armor
easymac777
9:53 Feudal Age
10:20 Double-Bit Axe
10:49 Horse Collar
19:22 Castle Age
17:06 Man-at-Arms
18:04 Gold Mining
18:31 Scale Mail Armor
19:20 Forging
19:36 Long Swordsman
20:25 Pikeman
23:49 Wheelbarrow
23:26 Bow Saw
24:14 Gold Shaft Mining
31:34 Imperial Age
32:32 Fletching
32:42 Padded Archer Armor
32:23 Heavy Scorpion
32:31 Halberdier
35:09 Stone Mining
39:18 Legionary
44:23 Heavy Plow
48:00 Squires
53:50 Iron Casting
53:50 Conscription
60:46 Chain Mail Armor
66:17 Blast Furnace
Connection lost

Rejoining the realm…

Still unreachable

The connection could not be restored.

Session expired

The server has moved on; the page needs a fresh start.